[Event "Early-Titled-Tuesday-Blitz-February-20-2024"]
[Site "Chess.com"]
[Date "2024.02.20"]
[Round "3"]
[White "Kapitan_Bayan"]
[Black "yuriydovzik"]
[Result "0-1"]
[WhiteElo "2351"]
[BlackElo "2136"]
[TimeControl "180+1"]
[EndTime "8:28:12 PST"]
[Termination "yuriydovzik won by resignation"]

1. e4 c6 2. d4 Na6 3. h3 g6 4.
Bxa6 Qa5+ 5. Bd2 Qxa6 6. Nf3 Bg7 7. Qe2 Qxe2+ 8. Kxe2 b6 9. Nc3 Ba6+ 10. Ke1 d6 11. Rd1 Nf6 12. e5 dxe5 13. dxe5 Nd7 14. Bf4 Nc5 15.
Nd4 Rc8 16. b4 Ne6 17. Nxe6 fxe6 18. a4 O-O 19. Bg3 Rfd8 20. f4 c5 21. b5 Bb7 22.
Kf2 Rd4 23. Rhg1 g5 24. fxg5 Rf8+ 25. Ke3 Rfd8 26. h4 h5 27. Bf4 Kf7 28. g3 Kg6 29. Rxd4 cxd4+ 30. Kf2 dxc3 0-1

[Event "Early-Titled-Tuesday-Blitz-February-20-2024"]
[Site "Chess.com"]
[Date "2024.02.20"]
[Round "3"]
[White "IngOscarArdila"]
[Black "bilosuvenosu06"]
[Result "1-0"]
[WhiteElo "2250"]
[BlackElo "2494"]
[TimeControl "180+1"]
[EndTime "8:28:13 PST"]
[Termination "IngOscarArdila won by resignation"]

1. d4 Nf6 2. c4 e6 3. Nc3 Bb4 4.
Qc2 O-O 5. Bg5 d5 6. Nf3 Nbd7 7.
e3 h6 8. Bxf6 Nxf6 9. Bd3 a6 10.
a3 Bxc3+ 11. Qxc3 dxc4 12. Bxc4 b5 13. Be2 Bb7 14. O-O Rc8 15. b4 Qd6 16. h3 Rfd8 17. Rfc1 Nd5 18. Qc5 Qxc5 19. Rxc5 f6 20. Rac1 Rd7 21.
Nd2 Nb6 22. Bd1 e5 23. Bb3+ Kf8 24. Be6 c6 25. Bxd7 Nxd7 26. R5c3 exd4 27. exd4 Nb6 28.
Ne4 Rc7 29. Nc5 Bc8 30. Re1 Nd5 31. Rc2 Kf7 32. f3 Ra7 33. Ne4 Bd7 34. Nc3 Nb6 35.
Rce2 Bf5 36. g4 Bd3 37. Re6 Rc7 38. Re8 Rd7 39. Rb8 Nc4 40. Ree8 Rxd4 41. Red8 Nd6 42.
Rd7+ Kg6 43. Rbd8 1-0

[Event "Early-Titled-Tuesday-Blitz-February-20-2024"]
[Site "Chess.com"]
[Date "2024.02.20"]
[Round "3"]
[White "rubicapa"]
[Black "vladgoncharov"]
[Result "0-1"]
[WhiteElo "2431"]
[BlackElo "2648"]
[TimeControl "180+1"]
[EndTime "8:28:14 PST"]
[Termination "vladgoncharov won on time"]

1. e4 e6 2. d4 d5 3. Nd2 c5 4. exd5 Qxd5 5. dxc5 Bxc5 6. Ngf3 Nf6 7. Bc4 Qd7 8. O-O a6 9. Ne5 Qc7 10. Ndf3 b5 11.
Bd3 Bb7 12. Bf4 Qb6 13. Re1 O-O 14. Bg3 Nc6 15. Ng5 Nxe5 16. Bxe5 Bxf2+ 17. Kh1 Qc6 18. Re4 h6 19. Bxf6 hxg5 20. Qh5 gxf6 21. Rg4 Rfd8 22.
Qh6 Rxd3 23. cxd3 e5 24. Rf1 Bh4 0-1

[Event "Early-Titled-Tuesday-Blitz-February-20-2024"]
[Site "Chess.com"]
[Date "2024.02.20"]
[Round "3"]
[White "Huragan007"]
[Black "komogro"]
[Result "1-0"]
[WhiteElo "2607"]
[BlackElo "2522"]
[TimeControl "180+1"]
[EndTime "8:28:14 PST"]
[Termination "Huragan007 won by checkmate"]

1. e4 g6 2. d4 Bg7 3. Nc3 d6 4.
Bg5 a6 5. f4 b5 6. a3 Bb7 7.
Nf3 Nd7 8. Qd2 h6 9. Bh4 c5 10.
O-O-O Qc7 11. Kb1 O-O-O 12. dxc5 Nxc5 13. Nd5 Bxd5 14. Qxd5 Qb7 15. Qxf7 Bf6 16. e5 dxe5 17. Rxd8+ Kxd8 18. fxe5 Bxh4 19. Nxh4 Qe4 20. Nxg6 Qe1+ 21.
Ka2 Ne4 22. Qd5+ Kc7 23. Nxh8 Nd2 24. Qc5+ Kb7 25. Qd5+ Kc7 26. Bxb5 Qxh1 27. Qc6+ Kb8 28. Qb6+ Ka8 29. Bc6# 1-0

[Event "Early-Titled-Tuesday-Blitz-February-20-2024"]
[Site "Chess.com"]
[Date "2024.02.20"]
[Round "3"]
[White "ukchessbomber"]
[Black "Zohid6"]
[Result "0-1"]
[WhiteElo "2605"]
[BlackElo "2869"]
[TimeControl "180+1"]
[EndTime "8:28:15 PST"]
[Termination "Zohid6 won on time"]

1. c4 e5 2. b3 Nc6 3. Bb2 Nf6 4. e3 Bc5 5. Nc3 O-O 6. Nf3 d6 7. Be2 Re8 8. d4 exd4 9. exd4 Bb4 10.
O-O Bg4 11. h3 Bh5 12. a3 Bxc3 13. Bxc3 Ne4 14. Bb2 Ng5 15. Re1 Nxf3+ 16. Bxf3 Rxe1+ 17. Qxe1 Bxf3 18. gxf3 Qg5+ 19. Kf1 Qf5 20. Kg2 Qg5+ 21. Kf1 Qh4 22. Qe4 Qxh3+ 23. Ke2 Qd7 24. Kd2 Re8 25.
Qd3 d5 26. Rh1 h6 27. Rh5 Ne7 28. Kc2 c6 29. Bc1 Ng6 30. Bd2 Rd8 31. Be3 Qe7 32. Kb2 dxc4 33. bxc4 Qe6 34. d5 cxd5 35. Rxd5 Rc8 36. Bxa7 Ne5 37. Rd8+ Rxd8 38. Qxd8+ Kh7 39. c5 Qc4 0-1

[Event "Early-Titled-Tuesday-Blitz-February-20-2024"]
[Site "Chess.com"]
[Date "2024.02.20"]
[Round "3"]
[White "bazar-wokzal"]
[Black "Cambek64"]
[Result "1-0"]
[WhiteElo "2685"]
[BlackElo "2474"]
[TimeControl "180+1"]
[EndTime "8:28:16 PST"]
[Termination "bazar-wokzal won on time"]

1. g4 d6 2. Bg2 c6 3. g5 e5 4. d4 Nd7 5. c4 h6 6. h4 hxg5 7.
hxg5 Rxh1 8. Bxh1 Ne7 9. Nc3 Ng6 10.
Nf3 Be7 11. Be3 Ndf8 12. Qd2 Bf5 13. O-O-O Qa5 14. Bg2 O-O-O 15. Rh1 Ne6 16. Bh3 Bxh3 17. Rxh3 exd4 18. Nxd4 Nxd4 19. Qxd4 Bxg5 20. Qxg7 Bxe3+ 21. Rxe3 Qf5 22. Rf3 Qg5+ 23. Kc2 Rd7 24. Rxf7 Rxf7 25. Qxf7 Ne7 26. Ne4 Qe5 27. Kd3 d5 28. cxd5 Nxd5 29.
Qf8+ Kc7 30. Nc3 Nxc3 31. bxc3 Qd5+ 32. Ke3 Qxa2 33. Qe7+ Kb6 34. f4 a5 35. f5 a4 36.
f6 Qc4 37. f7 Qxc3+ 38. Kf4 Qd4+ 39. e4 Qf2+ 40. Kg5 1-0

[Event "Early-Titled-Tuesday-Blitz-February-20-2024"]
[Site "Chess.com"]
[Date "2024.02.20"]
[Round "3"]
[White "Happy1712Drummer"]
[Black "janhelmer03"]
[Result "0-1"]
[WhiteElo "2370"]
[BlackElo "2193"]
[TimeControl "180+1"]
[EndTime "8:28:16 PST"]
[Termination "janhelmer03 won by checkmate"]

1. e4 c5 2. d4 cxd4 3. c3 Nf6 4. e5 Nd5 5. Nf3 Nc6 6. cxd4 d6 7. Bc4 Nb6 8. Bb3 dxe5 9. d5 Na5 10. Ba4+ Nxa4 11.
Qxa4+ Bd7 12. Qd1 Qc7 13. O-O g6 14. Nc3 Bg7 15. Bg5 h6 16. Bh4 g5 17. Bg3 f5 18.
h4 f4 19. Bh2 g4 20. Nd2 O-O 21. Qe2 Rac8 22. Rac1 Qd6 23. Nde4 Qg6 24. Rfd1 b6 25.
d6 e6 26. Nb5 Rxc1 27. Rxc1 f3 28. Qd3 Bc6 29. Re1 fxg2 30. d7 Nb7 31. Nxa7 Bd5 32.
Qe3 Rf3 33. Qxb6 Bxe4 34. d8=Q+ Nxd8 35. Qxd8+ Kh7 36. Qd2 h5 37. Qb4 Bd5 38. Nb5 Qc2 39. Nc3 Qxf2# 0-1

[Event "Early-Titled-Tuesday-Blitz-February-20-2024"]
[Site "Chess.com"]
[Date "2024.02.20"]
[Round "3"]
[White "Ural_bogatyr"]
[Black "fugadelafuga"]
[Result "1-0"]
[WhiteElo "2591"]
[BlackElo "2346"]
[TimeControl "180+1"]
[EndTime "8:28:17 PST"]
[Termination "Ural_bogatyr won by resignation"]

1. d4 Nf6 2. Nc3 d5 3. Bf4 a6 4. e3 Bf5 5. f3 h6 6. g4 Bh7 7. h4 e6 8. Bd3 Bxd3 9. Qxd3 Bd6 10. Nge2 c5 11. O-O-O c4 12. Qd2 b5 13. g5 Nh5 14.
Bxd6 Qxd6 15. e4 b4 16. Na4 Nd7 17. exd5 exd5 18. Rde1 Kf8 19. Rhg1 Re8 20. f4 Re4 21. f5 hxg5 22. hxg5 Nf4 23. Ng3 Rxe1+ 24. Rxe1 Ng2 25. Qxg2 Qf4+ 26. Kb1 Rh4 27. Nc5 Nxc5 28. dxc5 Rg4 29. Qxd5 Kg8 30. Qd8+ Kh7 31. Rh1+ Rh4 32. g6+ Kh6 33.
Rxh4+ 1-0

[Event "Early-Titled-Tuesday-Blitz-February-20-2024"]
[Site "Chess.com"]
[Date "2024.02.20"]
[Round "3"]
[White "Predo63"]
[Black "Felix-Rose"]
[Result "1/2-1/2"]
[WhiteElo "2543"]
[BlackElo "2283"]
[TimeControl "180+1"]
[EndTime "8:28:17 PST"]
[Termination "Game drawn by repetition"]

1. d4 d5 2. Bf4 Nf6 3. e3 e6 4. c4 dxc4 5. Bxc4 a6 6. Nc3 b5 7.
Be2 Bb7 8. Bf3 Bxf3 9. Qxf3 Nbd7 10. a3 c5 11. Nge2 Be7 12. O-O O-O 13. dxc5 Nxc5 14.
Rfd1 Qb6 15. b4 Ncd7 16. Ne4 Nxe4 17. Qxe4 Nf6 18. Qf3 Rfd8 19. h3 Rac8 20. Rac1 h6 21. Rxd8+ Qxd8 22. Rxc8 Qxc8 23. Nd4 Qc1+ 24. Kh2 Qxa3 25.
Qa8+ Kh7 26. Qb7 Nd5 27. Bg3 Qxb4 28. Qxa6 Qa4 29. Qb7 b4 30. Nc6 b3 31. Nxe7 Nxe7 32. Be5 Ng6 33. Bc3 Qc4 34. Ba1 Qc2 35. f4 f6 36. Bd4 e5 37. fxe5 fxe5 38. Ba1 Qa2 39. Bc3 Qc2 40. Qb4 h5 41. Kg3 h4+ 42. Kf3 Qf5+ 43.
Ke2 Qc2+ 44. Kf3 Qf5+ 45. Ke2 Qc2+ 46. Kf1 Qb1+ 47. Kf2 Qc2+ 48. Kg1 Qd1+ 49. Kh2 Qc2 50. Kh1 Qb1+ 51. Kh2 Qc2 52. Kg1 Qb1+ 53. Kf2 Qc2+ 54. Kg1 1/2-1/2

[Event "Early-Titled-Tuesday-Blitz-February-20-2024"]
[Site "Chess.com"]
[Date "2024.02.20"]
[Round "3"]
[White "noblerone"]
[Black "agvania123"]
[Result "0-1"]
[WhiteElo "2530"]
[BlackElo "2409"]
[TimeControl "180+1"]
[EndTime "8:28:18 PST"]
[Termination "agvania123 won by resignation"]

1. d4 Nf6 2. c4 g6 3. Nc3 d5 4. Nf3 Bg7 5. Bg5 c6 6. e3 O-O 7.
Bxf6 Bxf6 8. cxd5 cxd5 9. Qb3 e6 10. h4 h5 11. Bd3 b6 12. Qc2 Qe7 13. Bxg6 fxg6 14.
Qxg6+ Qg7 15. Qxh5 Nc6 16. Rh3 Qh7 17. Qg4+ Kh8 18.
Ng5 e5 19. Nxh7 Bxg4 20. Nxf8 Bxh3 21. Ng6+ Kg7 22. Nxe5 Bxe5 23. dxe5 Be6 24. f4 d4 25.
exd4 Nxd4 26. O-O-O Rd8 27. g3 b5 28. a3 a5 29. Rd3 Nb3+ 30. Kc2 Bf5 31. Kxb3 Bxd3 32.
g4 Bc4+ 33. Kc2 b4 34. axb4 axb4 35. Na4 Rd4 36. Nc5 Rxf4 37. b3 Bf7 38. e6 Bg6+ 39. Kd2 Rxg4 40. Ke3 Rxh4 41. e7 Rh3+ 42. Kd4 Kf6 0-1

[Event "Early-Titled-Tuesday-Blitz-February-20-2024"]
[Site "Chess.com"]
[Date "2024.02.20"]
[Round "3"]
[White "m_ezat"]
[Black "arnash_bauyrzhan"]
[Result "0-1"]
[WhiteElo "2512"]
[BlackElo "2265"]
[TimeControl "180+1"]
[EndTime "8:28:18 PST"]
[Termination "arnash_bauyrzhan won by checkmate"]

1. d4 d5 2. c4 e6 3. Nc3 Be7 4. Nf3 Nf6 5. cxd5 exd5 6. Bg5 c6 7. Qc2 O-O 8. e3 h6 9. Bxf6 Bxf6 10. Bd3 Nd7 11. O-O Be7 12. Rab1 a5 13. a3 Bd6 14. b4 axb4 15. axb4 Nf6 16. b5 Bg4 17. bxc6 bxc6 18.
Nd2 Ra3 19. Rb3 Rxb3 20. Nxb3 Bd7 21. Bf5 Bxf5 22. Qxf5 Bxh2+ 23. Kh1 Bd6 24. Na4 Ne4 25. g3 Bxg3 26. Kg2 Bd6 27. f3 Ng3 28. Qg4 Nxf1 29. Kxf1 Qb8 30. Nac5 Qb5+ 31. Kf2 Ra8 32. Qd7 Ra2+ 33.
Kg1 Bxc5 34. dxc5 Qd3 35. Nd2 Rxd2 36. Qe8+ Kh7 37. Qe5 Qb1# 0-1

[Event "Early-Titled-Tuesday-Blitz-February-20-2024"]
[Site "Chess.com"]
[Date "2024.02.20"]
[Round "3"]
[White "karinachess1"]
[Black "AnishOnYoutube"]
[Result "0-1"]
[WhiteElo "2673"]
[BlackElo "3005"]
[TimeControl "180+1"]
[EndTime "8:28:19 PST"]
[Termination "AnishOnYoutube won by resignation"]

1. d4 Nf6 2. c4 e6 3. Nc3 Bb4 4. a3 Bxc3+ 5. bxc3 b6 6. f3 Nc6 7. e4 d6 8. Bd3 Na5 9. Ne2 Ba6 10. Ng3 Qe7 11.
O-O O-O-O 12. Qe2 Nd7 13. Be3 h5 14. Rfb1 g5 15. c5 Bxd3 16. Qxd3 dxc5 17. Qa6+ Nb7 18. Qxa7 h4 19. Nf1 h3 20. g3 f5 21. e5 f4 22. Bf2 fxg3 23. Bxg3 Nb8 24. a4 cxd4 25. cxd4 Qd7 26. a5 Qxd4+ 27. Bf2 Qd5 28. Ra3 Nxa5 29. Rc1 Nac6 30. Qa8 Rhf8 31. Rac3 Rxf3 32. Qxb8+ Kxb8 0-1

[Event "Early-Titled-Tuesday-Blitz-February-20-2024"]
[Site "Chess.com"]
[Date "2024.02.20"]
[Round "3"]
[White "FoxOnTheRun97"]
[Black "ARMQUEEN"]
[Result "0-1"]
[WhiteElo "2664"]
[BlackElo "2489"]
[TimeControl "180+1"]
[EndTime "8:28:19 PST"]
[Termination "ARMQUEEN won by resignation"]

1. d4 Nf6 2. Bg5 d5 3. Bxf6 exf6 4. e3 Bd6 5. g3 O-O 6. Bg2 c6 7. Ne2 Nd7 8. O-O f5 9. c4 dxc4 10. Nd2 Nf6 11. Nxc4 Bc7 12. b4 a6 13. a3 h5 14. h4 g6 15. Qc2 Kg7 16. Rfd1 Re8 17. Nc3 Ng4 18. d5 cxd5 19. Nxd5 Be6 20. Qb2+ Kh6 21. Ndb6 Qe7 22. Nxa8 Bxg3 23. fxg3 Bxc4 24. Qc3 Rxa8 25. e4 Be6 26. Qc5 Qf6 27. Re1 f4 28. Qg5+ Qxg5 29. hxg5+ Kxg5 30. gxf4+ Kxf4 31. Rf1+ Kg5 32. Rac1 Rd8 33. Rc5+ Kh6 34. e5 Ne3 35. Re1 Nxg2 36. Kxg2 h4 37. Re2 g5 38. a4 g4 39. b5 axb5 40. axb5 h3+ 41. Kh2 Rd3 42.
Rc1 g3+ 43. Kg1 h2+ 44. Kg2 Bd5+ 45. Kh3 h1=Q+ 46. Rxh1 g2+ 47. Kg4+ gxh1=Q 0-1

[Event "Early-Titled-Tuesday-Blitz-February-20-2024"]
[Site "Chess.com"]
[Date "2024.02.20"]
[Round "3"]
[White "Khromkin"]
[Black "Dacean99"]
[Result "0-1"]
[WhiteElo "2331"]
[BlackElo "2569"]
[TimeControl "180+1"]
[EndTime "8:28:20 PST"]
[Termination "Dacean99 won on time"]

1. d4 f5 2. e4 fxe4 3. Nc3 Nf6 4.
Bg5 c6 5. f3 d5 6. fxe4 dxe4 7.
Qd2 Bf5 8. Nge2 Nbd7 9. Ng3 Bg6 10. O-O-O Qa5 11. Kb1 O-O-O 12. Bc4 e5 13. Be6 exd4 14.
Bxf6 gxf6 15. Qxd4 Bc5 16. Bxd7+ Kb8 17. Qxf6 Rhf8 18. Qg5 e3 19. Rhe1 Rf2 20. Nge4 Bb6 21. Qxa5 Bxa5 22. Nxf2 exf2 23. Rf1 Bb6 24. Bg4 Re8 25. Bf3 h5 26. a3 h4 27. h3 Re3 28.
Ka2 Bf7+ 29. Kb1 Re8 30. b4 Bc4 31. Na4 Bxf1 32. Nxb6 axb6 0-1

[Event "Early-Titled-Tuesday-Blitz-February-20-2024"]
[Site "Chess.com"]
[Date "2024.02.20"]
[Round "3"]
[White "davigator"]
[Black "zurzan"]
[Result "1-0"]
[WhiteElo "2351"]
[BlackElo "2053"]
[TimeControl "180+1"]
[EndTime "8:28:20 PST"]
[Termination "davigator won on time"]

1. e4 c5 2. Nf3 g6 3. d4 cxd4 4. Qxd4 Nf6 5. Bb5 a6 6. Ba4 b5 7. e5 Nc6 8. Qh4 bxa4 9. exf6 exf6 10. O-O Bg7 11. Qxa4 O-O 12. Nc3 Bb7 13. Be3 Ne5 14.
Nd4 Ng4 15. Bf4 Qb6 16. Nb3 Ne5 17. Rad1 Rfd8 18. Nd5 Qc6 19. Qxc6 Bxc6 20. Ne7+ Kh8 21. Nxc6 dxc6 22. h3 a5 23. Nc5 Rd5 24. Rxd5 cxd5 25.
c3 Rb8 26. b3 Bf8 27. Na4 Rc8 28.
Rd1 Rd8 29. Be3 Nc6 30. Nb6 Ne7 31. Bc5 Kg7 32. Bxe7 Bxe7 33. Nxd5 Bd6 34. c4 Be5 35. Kf1 Rb8 36. Ke2 a4 37. b4 a3 38. f4 Bd6 39.
c5 Bf8 40. Kd3 f5 41. Kc4 Rb7 42. b5 f6 43. c6 Rb8 44. c7 Rc8 45. b6 Bd6 46.
Kb5 Bxc7 47. bxc7 g5 48. Kc6 1-0

[Event "Early-Titled-Tuesday-Blitz-February-20-2024"]
[Site "Chess.com"]
[Date "2024.02.20"]
[Round "3"]
[White "aldebaran52"]
[Black "Rozhkov_V"]
[Result "0-1"]
[WhiteElo "2179"]
[BlackElo "2411"]
[TimeControl "180+1"]
[EndTime "8:28:21 PST"]
[Termination "Rozhkov_V won by checkmate"]

1. d4 d5 2. Nf3 Nf6 3. g3 g6 4. Bg2 Bg7 5. O-O c6 6. c4 dxc4 7. a4 O-O 8. Nc3 a5 9. e4 Nbd7 10. e5 Nd5 11. e6 fxe6 12. Ng5 N7f6 13. Qe2 Qd6 14. Nce4 Nxe4 15. Nxe4 Qd8 16. Qxc4 Nb6 17. Qb3 Bxd4 18. Bh6 Rf5 19. Rad1 Rd5 20. Ng5 Rd6 21.
Bh3 c5 22. Qa2 c4 23. Bg4 Bxf2+ 24. Kxf2 Rd2+ 25. Rxd2 Qxd2+ 26. Be2 Nd5 27. Nf3 Qxh6 28. Qb1 Qe3+ 29. Kg2 Qxe2+ 30. Rf2 Ne3+ 31. Kg1 Qd1+ 32. Qxd1 Nxd1 33. Rd2 Ne3 34. Rd8+ Kg7 35. Ne5 b6 36. Kf2 Nd5 37. Nc6 Bb7 38. Rxa8 Bxa8 39. Nd4 c3 40. bxc3 Nxc3 41. Ke3 Nxa4 42. Kd3 e5 43. Nb3 Nc5+ 44. Kc4 Nxb3 45. Kxb3 b5 46. g4 Bd5+ 47. Kc3 g5 48. Kd3 Kf6 49. Kc3 b4+ 50. Kb2 a4 51.
h3 a3+ 52. Kb1 Bc4 53. Ka1 e4 54. Kb1 b3 55. Kc1 e3 56. Kd1 a2 57. Kc1 a1=Q# 0-1

[Event "Early-Titled-Tuesday-Blitz-February-20-2024"]
[Site "Chess.com"]
[Date "2024.02.20"]
[Round "3"]
[White "maurovargas01"]
[Black "ChessFanNM"]
[Result "0-1"]
[WhiteElo "1879"]
[BlackElo "2318"]
[TimeControl "180+1"]
[EndTime "8:28:22 PST"]
[Termination "ChessFanNM won on time"]

1. e4 c6 2. Nc3 d5 3. d3 dxe4 4. Nxe4 Nf6 5. Qe2 Nxe4 6. Qxe4 Qd5 7. Qe3 Bg4 8. Be2 Bxe2 9. Nxe2 e6 10. Nf4 Qa5+ 11.
Bd2 Qd8 12. O-O Nd7 13. Bc3 Bc5 14. d4 Be7 15. Nh5 Bf6 16. Nxf6+ Nxf6 17. Qg5 O-O 18. Rad1 Nd5 19. Qg3 a5 20. Bd2 Qf6 21. Bg5 Qg6 22. c4 Nb4 23. a3 Na6 24. Qe3 h6 25. Bf4 Rfd8 26. c5 Rd5 27. Rfe1 Rad8 28. Bd6 a4 29.
Qf4 Rd7 30. Re3 Rf5 31. Qh4 Rh5 32. Qg3 Rg5 0-1

[Event "Early-Titled-Tuesday-Blitz-February-20-2024"]
[Site "Chess.com"]
[Date "2024.02.20"]
[Round "3"]
[White "Sina_Movahed"]
[Black "Sammed_Shete"]
[Result "1-0"]
[WhiteElo "2966"]
[BlackElo "2734"]
[TimeControl "180+1"]
[EndTime "8:28:23 PST"]
[Termination "Sina_Movahed won by checkmate"]

1. e4 c5 2. Nf3 d6 3. d4 cxd4 4. Nxd4 Nf6 5. Nc3 a6 6. h3 e5 7. Nf3 Be7 8. g4 Be6 9. Ng5 O-O 10. Nxe6 fxe6 11. g5 Ne8 12. Qg4 Nc7 13. Be3 d5 14.
exd5 exd5 15. O-O-O d4 16. g6 Qe8 17. gxh7+ Kh8 18. Rg1 g6 19. Bd3 Nd7 20. Bxg6 Nf6 21. Qg2 Rf7 22. Bh6 dxc3 23. Bxf7 Qxf7 24. Qg7+ Qxg7 25. Bxg7+ Kxh7 26. Bxf6 cxb2+ 27. Kxb2 Bxf6 28. Rd7+ Kh6 29. Rxc7 e4+ 30. Kb3 Bd4 31. Rg4 Re8 32. Rc4 Bxf2 33. Rcxe4 Rc8 34. Re6+ Kh5 35. Re7 b5 36.
Rh7# 1-0

[Event "Early-Titled-Tuesday-Blitz-February-20-2024"]
[Site "Chess.com"]
[Date "2024.02.20"]
[Round "3"]
[White "KerryStead"]
[Black "BeautiFullMindChess"]
[Result "0-1"]
[WhiteElo "2031"]
[BlackElo "2334"]
[TimeControl "180+1"]
[EndTime "8:28:23 PST"]
[Termination "BeautiFullMindChess won on time"]

1. d4 f5 2. g4 fxg4 3. e4 d5 4. e5 c5 5. c3 Nc6 6. Be3 Bf5 7.
Be2 Qd7 8. h3 gxh3 9. Nd2 e6 10.
Ndf3 cxd4 11. cxd4 Nb4 12. Kf1 Nc2 13. Rc1 Nxe3+ 14.
fxe3 Nh6 15. Nxh3 Ng4 16. Qd2 Be7 17. Nf4 O-O 18. Kg2 Be4 19. Kg3 Nh6 20. Rxh6 gxh6 21.
Rg1 Kh8 22. Rh1 Rg8+ 23. Kf2 Bg5 24. Rh3 Raf8 25. Ke1 Bxf4 26. exf4 Rg4 27. Rxh6 Qg7 28. Rh2 Rgxf4 0-1

[Event "Early-Titled-Tuesday-Blitz-February-20-2024"]
[Site "Chess.com"]
[Date "2024.02.20"]
[Round "3"]
[White "Der_Balak_3Halak"]
[Black "campochess"]
[Result "1-0"]
[WhiteElo "2437"]
[BlackElo "2148"]
[TimeControl "180+1"]
[EndTime "8:28:25 PST"]
[Termination "Der_Balak_3Halak won by resignation"]

1. b3 e5 2. Bb2 Nc6 3. e3 Nf6 4. Bb5 Bd6 5. Nf3 Qe7 6. d4 exd4 7. Nxd4 Be5 8. O-O O-O 9. Nd2 Bxd4 10. exd4 d5 11. h3 Qb4 12. Bxc6 bxc6 13. Nf3 Ba6 14.
Re1 Rfe8 15. Ne5 Qd6 16. a4 Ne4 17. Qf3 f6 18. Nd3 Bxd3 19. Qxd3 Qf4 20. Re2 Nd6 21. Rae1 Rxe2 22. Rxe2 Re8 23. Ba3 Rxe2 24. Qxe2 Qe4 25.
Qxe4 Nxe4 26. Be7 Nc3 27. Kf1 Kf7 28. Bd8 Na2 29. Bxc7 Nb4 30. c3 Na2 31. Ba5 Nc1 32.
b4 Nb3 33. Bc7 Nd2+ 34. Ke2 Ne4 35. Kd3 Nxf2+ 36. Kc2 Ne4 37. b5 cxb5 38. axb5 Ke6 39. Kb3 Nd2+ 40. Kb4 Nf1 41. Bb8 Ne3 42. Bxa7 Kd6 43.
Bb8+ Kd7 44. Kc5 Nd1 45. Kb4 Ne3 46. g3 Nc4 47. Kc5 Ne3 48. Bf4 Nc4 49. Kxd5 Na3 50.
c4 1-0

[Event "Early-Titled-Tuesday-Blitz-February-20-2024"]
[Site "Chess.com"]
[Date "2024.02.20"]
[Round "3"]
[White "bulletteemo"]
[Black "Eagle_2019"]
[Result "0-1"]
[WhiteElo "2604"]
[BlackElo "2872"]
[TimeControl "180+1"]
[EndTime "8:28:26 PST"]
[Termination "Eagle_2019 won on time"]

1. e4 c6 2. Nf3 d5 3. Nc3 dxe4 4. Nxe4 Nf6 5. Qe2 Nxe4 6. Qxe4 Be6 7. c4 Nd7 8. d4 Nf6 9. Qf4 g6 10. Bd3 Bg7 11.
O-O O-O 12. Bd2 Nh5 13. Qe3 Nf6 14. Bc3 Qc7 15. h3 Rfd8 16. Rac1 b6 17. Rfe1 Re8 18. d5 Bd7 19. Be5 Qb7 20. Qd4 Rad8 21. Be4 Nxe4 22. Bxg7 Nd6 23. g4 f6 24. Rxe7 Rxe7 25. Bxf6 Re4 26.
Qc3 Rf8 27. Ng5 Rxc4 28. Qd2 Rxc1+ 29. Qxc1 Rxf6 30. Qc3 Ne8 31. Qe5 h6 32. Ne4 Rf7 33. d6 c5 34. Nc3 Qf3 35. Nd5 Qxf2+ 0-1

[Event "Early-Titled-Tuesday-Blitz-February-20-2024"]
[Site "Chess.com"]
[Date "2024.02.20"]
[Round "3"]
[White "mary-sanna"]
[Black "JoliyRoger"]
[Result "0-1"]
[WhiteElo "2152"]
[BlackElo "2538"]
[TimeControl "180+1"]
[EndTime "8:28:26 PST"]
[Termination "JoliyRoger won on time"]

1. d4 Nf6 2. c4 e6 3. Nf3 c5 4. d5 exd5 5. cxd5 d6 6. Nc3 g6 7. e4 Bg7 8. Be3 O-O 9. Bd3 Re8 10. Nd2 a6 11. a4 Ng4 12. Bf4 f5 13. O-O g5 14. h3 gxf4 15. hxg4 fxg4 16. e5 Bxe5 17.
Nde4 Qh4 18. Re1 g3 19. Qf3 gxf2+ 20. Qxf2 Bd4 21. Nf6+ Qxf6 22. Rxe8+ Kf7 23. Rxc8 Bxf2+ 24. Kxf2 Qd4+ 25. Ke2 Qe3+ 26. Kd1 Qxd3+ 27. Kc1 Qf1+ 28. Nd1 Qc4+ 29. Nc3 Qf1+ 30. Nd1 Qxg2 31. Ra3 Qxd5 0-1

[Event "Early-Titled-Tuesday-Blitz-February-20-2024"]
[Site "Chess.com"]
[Date "2024.02.20"]
[Round "3"]
[White "ZuraTqebuchava"]
[Black "kacperkarwowski"]
[Result "0-1"]
[WhiteElo "2253"]
[BlackElo "2528"]
[TimeControl "180+1"]
[EndTime "8:28:26 PST"]
[Termination "kacperkarwowski won by resignation"]

1. e4 e5 2. Nf3 Nc6 3. Bb5 f5 4.
d3 fxe4 5. dxe4 Nf6 6. Nc3 Bb4 7. Bc4 d6 8. Bg5 Qe7 9. Qd3 Be6 10. Bxe6 Qxe6 11.
Bxf6 gxf6 12. a3 Bxc3+ 13. Qxc3 O-O 14. O-O-O Kh8 15. Kb1 f5 16. exf5 Qxf5 17. h4 Rae8 18. h5 Qf6 19. Qb3 e4 20. Nh4 Nd4 21. Qg3 Nf5 22. Nxf5 Qxf5 23. h6 Qe5 24. Qe3 b6 25.
Rh4 d5 26. c3 Rf6 27. Rg4 c6 28. Rg5 Qf4 29. Qh3 Qxg5 30. Qd7 Rfe6 31. Rh1 Qe7 32. Qxe7 R8xe7 33. Rh5 Rf6 34. Rg5 Rxh6 35. Rf5 Kg8 0-1

[Event "Early-Titled-Tuesday-Blitz-February-20-2024"]
[Site "Chess.com"]
[Date "2024.02.20"]
[Round "3"]
[White "KetiTsatsalashvili"]
[Black "YurasovMat-2012"]
[Result "0-1"]
[WhiteElo "2443"]
[BlackElo "2655"]
[TimeControl "180+1"]
[EndTime "8:28:27 PST"]
[Termination "YurasovMat-2012 won on time"]

1. d4 d5 2. Nf3 Nf6 3. c4 c6 4. e3 Bf5 5. cxd5 cxd5 6. Nc3 Nc6 7.
Qb3 Na5 8. Bb5+ Bd7 9. Qa4 Nc6 10. Qd1 e6 11. O-O Bd6 12. a3 O-O 13. b4 Rc8 14.
Bb2 Qc7 15. Bd3 a6 16. Rc1 Qb8 17. Na4 e5 18. dxe5 Nxe5 19. Bxe5 Bxe5 20. Rxc8 Rxc8 21.
Nb6 Re8 22. Nxd7 Nxd7 23. Bf5 Nf6 24. Nxe5 Qxe5 25. Qf3 g6 26. Bb1 Rc8 27. Rd1 Rc3 28. a4 Kg7 29. h3 Rb3 30. b5 axb5 31. axb5 Rxb5 32. Ba2 Rc5 33. g3 b5 34. Rd4 Ne4 35. Qd1 Qf6 36. Qe1 Nc3 37. Bb3 Qf3 38. Bd1 Qf6 39. Bb3 h5 40. Kg2 Qf5 41. Qd2 Ne4 42. Qe1 Ng5 43. Qd1 Qxh3+ 44. Kg1 Rc1 0-1

[Event "Early-Titled-Tuesday-Blitz-February-20-2024"]
[Site "Chess.com"]
[Date "2024.02.20"]
[Round "3"]
[White "50Tugrik"]
[Black "lluiss"]
[Result "1-0"]
[WhiteElo "2412"]
[BlackElo "2181"]
[TimeControl "180+1"]
[EndTime "8:28:28 PST"]
[Termination "50Tugrik won on time"]

1. Nf3 d5 2. d4 c6 3. g3 e6 4. Bg2 f5 5. c4 Nf6 6. O-O Be7 7. Nc3 O-O 8. Nd2 Ne4 9. f3 Nxc3 10. bxc3 c5 11. cxd5 exd5 12. Bb2 cxd4 13. cxd4 f4 14. gxf4 Rxf4 15. e3 Rh4 16. e4 Nc6 17. exd5 Qxd5 18. Qb3 Be6 19. f4 Qxb3 20. Nxb3 Nb4 21. d5 Bxd5 22.
Bxd5+ Nxd5 23. Rae1 Bf6 24. Bxf6 Nxf6 25. Re7 Ng4 26.
Rc1 Nxh2 27. Rcc7 Nf3+ 28. Kf2 Nh2 29. Rxg7+ Kh8 30. Kg3 Rh6 31. Rxb7 1-0

[Event "Early-Titled-Tuesday-Blitz-February-20-2024"]
[Site "Chess.com"]
[Date "2024.02.20"]
[Round "3"]
[White "Yeritsyaan"]
[Black "shailendrabajpai"]
[Result "1-0"]
[WhiteElo "2615"]
[BlackElo "2408"]
[TimeControl "180+1"]
[EndTime "8:28:29 PST"]
[Termination "Yeritsyaan won on time"]

1. Nf3 c5 2. g3 d6 3. Bg2 g6 4.
O-O Bg7 5. e4 Nc6 6. c3 Nf6 7.
Re1 O-O 8. h3 e5 9. Na3 a6 10. d3 b5 11. Nc2 Bb7 12. a4 d5 13.
Bg5 dxe4 14. dxe4 Qxd1 15. Raxd1 Rfd8 16. Bxf6 Bxf6 17. Ne3 Rxd1 18. Rxd1 Rd8 19. Rxd8+ Bxd8 20. axb5 axb5 21. Bf1 b4 22. Bc4 h6 23. Bd5 Bc7 24. Nc4 bxc3 25. bxc3 Kg7 26. Ne1 Ba6 27. Nd3 Bxc4 28.
Bxc4 Ba5 29. Bd5 Ne7 30. c4 Nxd5 31. exd5 e4 32. Nxc5 f5 33. Nb7 Bd2 34. d6 e3 35.
Kf1 exf2 36. d7 Bg5 37. c5 Kf7 38. d8=Q Bxd8 39. Nxd8+ Ke7 40. Nb7 Kd7 41. Na5 Ke6 42. c6 Kd6 43. Kxf2 g5 44. Kf3 h5 45. Kf2 Kc7 46.
h4 1-0